[Event "WALTON 1st Div Women League 2023"]
[Site "Dhaka"]
[Date "2023.03.27"]
[Round "6.3"]
[White "Monika, Kundu"]
[Black "Varshini V Kundar"]
[Result "0-1"]
[ECO "B90"]
[WhiteElo "1333"]
[BlackElo "1096"]
[Annotator "NA RC COMBH"]
[PlyCount "74"]
[EventDate "2023.03.22"]
[EventType "team-tourn"]
[EventCountry "BAN"]
[SourceTitle "playchess.com"]
[Source "ChessBase"]
[SourceQuality "1"]
[TimeControl "5400+30"]

1. e4 c5 2. Nc3 d6 3. Nf3 a6 4. d4 cxd4 5. Nxd4 Nf6 6. Be3 e5 7. Nf3 Be7 8. Bd3 h6 9. Qd2 Be6 10. h3 Nbd7 11. Nh4 Rc8 12. Nf5 Bxf5 13. f4 exf4 14. Bxf4 Be6 15. O-O-O Nh5 16. Be3 Bg5 17. g4 Bxe3 18. Qxe3 Nhf6 19. g5 hxg5 20. Qxg5 g6 21. Rde1 Nh7 22. Qf4 Qg5 23. Nd5 Bxd5 24. exd5+ Ne5 25. Rhf1 Qxf4+ 26. Rxf4 Ke7 27. Kb1 Nf6 28. c4 Rxh3 29. Bf1 Rh1 30. b3 Nh5 31. Rf3 f5 32. Rh3 Rxh3 33. Bxh3 Kf6 34. Kc2 g5 35. Bg2 Nf4 36. Rg1 Nxg2 37. Rxg2 g4 0-1

[Event "WALTON 1st Div Women League 2023"]
[Site "Dhaka"]
[Date "2023.03.27"]
[Round "6.4"]
[White "Hamid, Rani"]
[Black "Sayeda Nusaibah, Mahmud"]
[Result "1-0"]
[ECO "C54"]
[WhiteElo "1798"]
[BlackElo "1191"]
[Annotator "NA RC COMBH"]
[PlyCount "75"]
[EventDate "2023.03.22"]
[EventType "team-tourn"]
[EventCountry "BAN"]
[SourceTitle "playchess.com"]
[Source "ChessBase"]
[SourceQuality "1"]
[TimeControl "5400+30"]

1. e4 e5 2. Nf3 Nc6 3. Bc4 Nf6 4. d3 h6 5. O-O Bc5 6. c3 d6 7. d4 Bb6 8. h3 O-O 9. dxe5 Nxe5 10. Nxe5 dxe5 11. Qe2 Qe7 12. Nd2 Be6 13. a4 a5 14. b3 Bc5 15. Bd3 Rfd8 16. Bc2 Bd7 17. Re1 Rab8 18. Nf1 b5 19. axb5 Bxb5 20. Qf3 Nh7 21. Rxa5 Qf6 22. Qxf6 Nxf6 23. Ng3 Bd6 24. Be3 Bd7 25. Rea1 Be6 26. b4 Rdc8 27. Bd3 Rd8 28. Be2 Bd7 29. Bc5 Bxc5 30. Rxc5 Rdc8 31. Rxe5 Bc6 32. Nf5 Re8 33. Ne7+ Kf8 34. Nxc6 Rxe5 35. Nxe5 Nxe4 36. Nd7+ Ke8 37. Nxb8 Nxc3 38. Bf3 1-0

[Event "WALTON 1st Div Women League 2023"]
[Site "Dhaka"]
[Date "2023.03.27"]
[Round "6.6"]
[White "Sidratul, Muntaha"]
[Black "Noshin, Anjum"]
[Result "0-1"]
[ECO "C47"]
[WhiteElo "1185"]
[BlackElo "1877"]
[Annotator "NA RC COMBH"]
[PlyCount "30"]
[EventDate "2023.03.22"]
[EventType "team-tourn"]
[EventCountry "BAN"]
[SourceTitle "playchess.com"]
[Source "ChessBase"]
[SourceQuality "1"]
[TimeControl "5400+30"]

1. e4 e5 2. Nf3 Nc6 3. Nc3 Nf6 4. a3 a5 5. b3 Bc5 6. Bc4 d6 7. h3 h6 8. d3 Bd7 9. Bb2 Nd4 10. Nh4 b5 11. Bd5 c6 12. b4 axb4 13. axb4 Ra5 14. Ra2 Rxa2 15. Qa1 Rxa1+ 0-1

[Event "WALTON 1st Div Women League 2023"]
[Site "Dhaka"]
[Date "2023.03.27"]
[Round "6.7"]
[White "Kazi Zarin, Tasnim"]
[Black "Sonia, Akhter"]
[Result "1-0"]
[ECO "B02"]
[WhiteElo "1837"]
[BlackElo "1180"]
[Annotator "NA RC COMBH"]
[PlyCount "73"]
[EventDate "2023.03.22"]
[EventType "team-tourn"]
[EventCountry "BAN"]
[SourceTitle "playchess.com"]
[Source "ChessBase"]
[SourceQuality "1"]
[TimeControl "5400+30"]

1. e4 Nf6 2. e5 Ng8 3. d4 d6 4. f4 Nh6 5. Nf3 a6 6. Be2 Bd7 7. O-O Bb5 8. c4 Bd7 9. Nc3 e6 10. Re1 Be7 11. d5 O-O 12. Ne4 exd5 13. cxd5 ({Inferior is} 13. Qxd5 Bc6 14. Qd3 dxe5 $11) 13... Bb5 (13... Kh8 $16) 14. Bxb5 (14. Bd3 $18) 14... axb5 15. e6 fxe6 (15... f5 $16) 16. Neg5 ({Don't play} 16. dxe6 $6 c6 $14) 16... Qc8 17. Qd3 ({Don't play} 17. Nxe6 Re8 18. Bd2 (18. Qd4 Bf6 $16) 18... Nd7) (17. Rxe6 $6 Bxg5 18. Nxg5 Nf7 $16) (17. dxe6 $6 b4 $16) 17... Nf5 18. g4 ({Don't play} 18. dxe6 g6 19. g4 (19. Qxb5 Nc6 $16) 19... Ng7) (18. Qxb5 Bxg5 19. Nxg5 c6 20. dxc6 Qxc6 21. Qxc6 Nxc6 $16) 18... h6 (18... Bxg5 $142 19. Nxg5 e5 20. fxe5 (20. gxf5 Qxf5 21. Qxf5 Rxf5 $18) 20... h6 21. gxf5 hxg5) 19. Nxe6 Rf6 20. gxf5 c6 {[%emt 0:09:45] [#]} 21. Nxg7 $1 Qf8 22. Nh5 Rxf5 {[%emt 0:01:03] [#]} 23. Rxe7 $1 Qxe7 24. Qxf5 Na6 25. Qg6+ Kh8 26. Qxh6+ (26. b3 $142 Rg8 27. Bb2+ Qe5 28. Qxg8+ Kxg8 29. fxe5 Nc5 30. Nf6+ Kf7 31. exd6) 26... Qh7 27. Qf6+ Kg8 $11 28. Qg5+ (28. Be3 $142 Nc5 (28... Qxh5 29. Bd4 Qg4+ 30. Kf2 Rf8 31. Qh8+ Kf7 32. Qh7+ {[%mdl 64] Skewer} Ke8 33. Re1+ Kd8 34. Qe7+ Kc8 35. Qxf8+ Kc7 36. Re7+ {[%mdl 64] Skewer} Qd7 37. Rxd7+ {[%mdl 64] Discovered Attack} Kxd7 38. Bf6 cxd5 39. Nd4 Kc7 40. Qd8#) 29. Kh1 Qf7 30. Qh6 Ne4 31. Rg1+ Ng5 32. Rxg5+ Qg6 33. Rxg6+ Kf7 34. Qh7+ Kf8 35. Rg8#) 28... Kf7 29. Qf6+ $2 (29. Qg4 $18 Ke7 30. Ng5) 29... Ke8 $2 {[%emt 0:02:29] [#]} 30. Bd2 $1 Kd7 31. dxc6+ bxc6 {[%emt 0:00:29] [#]} 32. Re1 $1 Re8 33. Rxe8 Kxe8 34. Qe6+ Kd8 35. Ba5+ Nc7 36. Qxd6+ Ke8 37. Nf6+ 1-0

[Event "WALTON 1st Div Women League 2023"]
[Site "Dhaka"]
[Date "2023.03.27"]
[Round "6.9"]
[White "Nargis, Kaumudi"]
[Black "Nazia, Jafrin Mohona"]
[Result "1-0"]
[ECO "D02"]
[WhiteElo "1253"]
[BlackElo "1206"]
[Annotator "NA RC COMBH"]
[PlyCount "101"]
[EventDate "2023.03.22"]
[EventType "team-tourn"]
[EventCountry "BAN"]
[SourceTitle "playchess.com"]
[Source "ChessBase"]
[SourceQuality "1"]
[TimeControl "5400+30"]

1. d4 d5 2. Nf3 Nf6 3. c3 Nc6 4. Nbd2 Ne4 5. Nb3 e6 6. Ne5 Nxe5 7. dxe5 Be7 8. Nd4 O-O 9. f3 Nc5 10. Be3 f6 11. b4 Nd7 12. Nxe6 Qe8 13. Nxf8 Qxf8 14. Qxd5+ Kh8 15. e6 Nb6 16. Qb3 Qg8 17. Bf4 Bxe6 18. Qc2 Nd5 19. Bg3 Ne3 20. Qe4 Nxf1 21. Rxf1 c6 22. a3 f5 23. Qf4 h6 24. Qc7 Bf6 25. Be5 Bxe5 26. Qxe5 Rd8 27. Kf2 Rd5 28. Qc7 Bc8 29. Rfe1 a6 30. Rac1 Rd7 31. Qf4 b6 32. c4 a5 33. b5 cxb5 34. cxb5 Rd5 35. a4 Qd8 36. Qb8 Rc5 37. Rcd1 Qg8 38. Qxb6 Rc3 39. Rd8 Rc4 40. Rxg8+ Kxg8 41. Qxa5 Rd4 42. b6 Rd7 43. Qc5 Bb7 44. Qxf5 Rf7 45. Qc5 Rf8 46. a5 Rf7 47. Rd1 g5 48. Rd8+ Rf8 49. Rxf8+ Kg7 50. Rb8 Kf6 51. Rxb7 1-0

[Event "WALTON 1st Div Women League 2023"]
[Site "Dhaka"]
[Date "2023.03.27"]
[Round "6.10"]
[White "Jarin, Tasnim"]
[Black "Warsia, Khusbu"]
[Result "1-0"]
[ECO "B50"]
[WhiteElo "1180"]
[BlackElo "1836"]
[Annotator "NA RC COMBH"]
[PlyCount "69"]
[EventDate "2023.03.22"]
[EventType "team-tourn"]
[EventCountry "BAN"]
[SourceTitle "playchess.com"]
[Source "ChessBase"]
[SourceQuality "1"]
[TimeControl "5400+30"]

1. e4 c5 2. Nf3 d6 3. Nc3 e5 4. h3 a6 5. d3 Nf6 6. Bg5 Be7 7. Be2 Nc6 8. O-O h6 9. Be3 O-O 10. a3 Nd4 11. Bxd4 cxd4 12. Na2 Qc7 (12... Be6 $15) 13. c3 dxc3 14. Nxc3 Be6 15. Rc1 Qb6 16. b4 (16. Qd2 $11 {might be stronger.}) 16... Rac8 (16... a5 $15) 17. d4 exd4 18. Nxd4 Bc4 $2 (18... Bd7 $1 $11 {and Black stays safe.}) 19. Na4 Bxe2 $2 (19... Qa7 20. Rxc4 (20. Bxc4 b5 $18) 20... Rxc4 21. Bxc4 b5 22. Bxb5 (22. Nc6 Qb7 $18) 22... axb5) 20. Nxb6 Bxd1 21. Nxc8 Re8 $18 22. Nxe7+ Rxe7 23. Rc8+ Kh7 24. Rxd1 Nxe4 25. Re1 f5 26. f3 Kg6 27. fxe4 fxe4 28. Rd8 Kg5 29. Rxd6 e3 30. Rd5+ Kf4 31. Nf5 Re4 32. g3+ Kf3 33. Rd3 b5 34. Rexe3+ Rxe3 35. Rxe3# 1-0

[Event "WALTON 1st Div Women League 2023"]
[Site "Dhaka"]
[Date "2023.03.27"]
[Round "6.12"]
[White "Fatiha, Eyenoon Diya"]
[Black "Mahjabeen, Islam"]
[Result "0-1"]
[ECO "D06"]
[WhiteElo "1165"]
[BlackElo "1180"]
[Annotator "NA RC COMBH"]
[PlyCount "122"]
[EventDate "2023.03.22"]
[EventType "team-tourn"]
[EventCountry "BAN"]
[SourceTitle "playchess.com"]
[Source "ChessBase"]
[SourceQuality "1"]
[TimeControl "5400+30"]

1. d4 d5 2. c4 Nf6 3. cxd5 Nxd5 4. e4 Nb6 5. Nc3 e6 6. Nf3 Bd7 7. Bd3 Bb4 8. a3 Bxc3+ 9. bxc3 Qe7 10. O-O O-O 11. h3 c5 12. d5 exd5 13. exd5 c4 14. Bc2 Qd6 15. Be4 f5 16. Bc2 Qxd5 17. Qxd5+ Nxd5 18. Ne5 Nxc3 19. Bd2 Nd5 20. Nxc4 Bb5 21. Bd3 Nd7 22. Rfb1 Bxc4 23. Bxc4 N7b6 24. Bxd5+ Nxd5 25. Rxb7 Rfb8 26. Rd7 Nf6 27. Rd6 Ne4 28. Rd5 Nxd2 29. Rxd2 Rb7 30. Rd5 g6 31. g4 fxg4 32. hxg4 h6 33. f4 Rab8 34. Kh2 Rb3 35. f5 g5 36. f6 R8b7 37. Rf5 Kf7 38. a4 Rb2+ 39. Kg1 R7b4 40. Re1 Rxg4+ 41. Kf1 Rb7 42. Rf3 Rxa4 43. Re7+ Rxe7 44. fxe7+ Kxe7 45. Re3+ Kf6 46. Rf3+ Rf4 47. Rxf4+ gxf4 48. Kg2 a5 49. Kf3 Kf5 50. Ke2 a4 51. Kd3 f3 52. Ke3 a3 53. Kxf3 a2 54. Kf2 a1=Q 55. Kf3 Qe5 56. Kf2 Kf4 57. Kg2 Qe3 58. Kf1 Qd2 59. Kg1 Qe2 60. Kh1 Kg3 61. Kg1 Qe1# 0-1

[Event "WALTON 1st Div Women League 2023"]
[Site "Dhaka"]
[Date "2023.03.27"]
[Round "6.13"]
[White "Nazmin, Akter"]
[Black "Nusrat, Jahan Liza"]
[Result "0-1"]
[ECO "A40"]
[WhiteElo "1258"]
[BlackElo "1573"]
[Annotator "NA RC COMBH"]
[PlyCount "64"]
[EventDate "2023.03.22"]
[EventType "team-tourn"]
[EventCountry "BAN"]
[SourceTitle "playchess.com"]
[Source "ChessBase"]
[SourceQuality "1"]
[TimeControl "5400+30"]

1. d4 Nc6 2. Nf3 f6 3. h3 e5 4. dxe5 Nxe5 5. Nxe5 fxe5 6. Nc3 Bb4 7. Bd2 Nf6 8. e4 O-O 9. Bc4+ Kh8 10. Qe2 d6 11. g4 Qe8 12. O-O-O Be6 13. Nd5 Bxd2+ 14. Rxd2 Nxd5 15. exd5 Bg8 16. a3 a6 17. Bb3 b5 18. h4 a5 19. Kb1 a4 20. Ba2 b4 21. Rd3 Qb5 22. Qe3 Rab8 23. Rhd1 bxa3 24. b3 axb3 25. Bxb3 a2+ 26. Kxa2 Ra8+ 27. Kb2 Qa5 28. Kc1 Rf4 29. f3 Raf8 30. Qe2 e4 31. fxe4 Rf2 32. Qe3 Qa1# 0-1

[Event "WALTON 1st Div Women League 2023"]
[Site "Dhaka"]
[Date "2023.03.28"]
[Round "7.1"]
[White "Nusrat, Jahan Liza"]
[Black "Rashma, Alam"]
[Result "1-0"]
[ECO "C41"]
[WhiteElo "1573"]
[BlackElo "1047"]
[Annotator "NA RC COMBH"]
[PlyCount "107"]
[EventDate "2023.03.22"]
[EventType "team-tourn"]
[EventCountry "BAN"]
[SourceTitle "playchess.com"]
[Source "ChessBase"]
[SourceQuality "1"]
[TimeControl "5400+30"]

1. e4 e5 2. Nf3 d6 3. Bc4 Nh6 4. d4 Nc6 5. dxe5 Nxe5 6. Nxe5 dxe5 7. Qxd8+ Kxd8 8. Bxh6 gxh6 9. Bxf7 b6 10. Bd5 Rb8 11. Nc3 Bd7 12. O-O-O Bd6 13. a3 Rf8 14. f3 Ke7 15. Ne2 Rf6 16. Ng3 Rbf8 17. b4 c6 18. Bb3 Rc8 19. c4 c5 20. b5 Rg8 21. Rd2 Rg5 22. Nf1 h5 23. Ne3 Be6 24. Rhd1 Bc7 25. Bc2 Rf8 26. Nd5+ Bxd5 27. exd5 Kd6 28. Bxh7 Bd8 29. Re2 Bf6 30. Rde1 Rf7 31. Bd3 Bh8 32. a4 a5 33. Kc2 Rf4 34. Be4 Rf8 35. g3 Rf7 36. Rf1 Rf8 37. f4 exf4 38. gxf4 Rg4 39. f5 h4 40. Bd3 Bf6 41. Re6+ Kc7 42. Rf2 Rg7 43. Rfe2 Rgf7 44. Rc6+ Kb7 45. Ree6 Bd4 46. Rxb6+ Kc7 47. Ra6 Kb7 48. Rxa5 Ra8 49. Rxa8 Kxa8 50. a5 Ka7 51. Be4 Kb8 52. Re8+ Ka7 53. d6 Rd7 54. Ra8# 1-0

[Event "WALTON 1st Div Women League 2023"]
[Site "Dhaka"]
[Date "2023.03.28"]
[Round "7.3"]
[White "Neelava, Choudhury"]
[Black "Monika, Kundu"]
[Result "1-0"]
[ECO "C66"]
[WhiteElo "1522"]
[BlackElo "1333"]
[Annotator "NA RC COMBH"]
[PlyCount "65"]
[EventDate "2023.03.22"]
[EventType "team-tourn"]
[EventCountry "BAN"]
[SourceTitle "playchess.com"]
[Source "ChessBase"]
[SourceQuality "1"]
[TimeControl "5400+30"]

1. e4 e5 2. Nf3 Nc6 3. Bb5 d6 4. c3 Bd7 5. O-O Nf6 6. d4 Qe7 7. Nbd2 O-O-O 8. Re1 h6 9. Nc4 g5 10. Qa4 g4 11. Nfd2 exd4 12. Bxc6 Bxc6 13. Qxa7 d5 14. Na5 Qc5 15. Nxc6 Qxc6 16. e5 Bc5 17. Qa5 Ne4 18. Nxe4 dxe4 19. cxd4 Bxd4 20. Be3 Qd5 21. Qa8+ Kd7 22. Qa4+ Ke6 23. Red1 c5 24. Rac1 Kxe5 25. Qb5 Rc8 26. b4 Ke6 27. bxc5 Rxc5 28. Rxc5 Qxc5 29. Qxc5 Bxc5 30. Bxc5 h5 31. Rd6+ Ke5 32. Bd4+ Kxd6 33. Bxh8 1-0

[Event "WALTON 1st Div Women League 2023"]
[Site "Dhaka"]
[Date "2023.03.28"]
[Round "7.5"]
[White "Nusrat Jahan, Alo"]
[Black "Wadifa, Ahmed"]
[Result "0-1"]
[ECO "D02"]
[WhiteElo "1787"]
[BlackElo "1811"]
[Annotator "NA RC COMBH"]
[PlyCount "102"]
[EventDate "2023.03.22"]
[EventType "team-tourn"]
[EventCountry "BAN"]
[SourceTitle "playchess.com"]
[Source "ChessBase"]
[SourceQuality "1"]
[TimeControl "5400+30"]

1. d4 Nf6 2. Bf4 e6 3. Nf3 c5 4. c3 d5 5. e3 Qb6 6. Qc2 $15 c4 7. Nbd2 Be7 8. b3 cxb3 9. axb3 O-O 10. Bd3 Nc6 11. Ne5 h6 12. g4 Nxe5 13. dxe5 Nd7 14. h4 Nc5 15. Bh7+ Kh8 16. b4 Ne4 17. Nxe4 dxe4 18. Bxe4 Bd7 19. g5 Rac8 20. Rb1 Bc6 21. gxh6 g6 22. Bg5 Bxe4 23. Qxe4 f5 24. Qd4 Qc6 25. O-O Rcd8 26. Qf4 Bxg5 27. hxg5 Rd7 28. c4 Rfd8 29. Rbc1 a6 30. Kh2 Kh7 31. Kg3 Qc7 32. b5 a5 33. Kh3 Qc5 34. Qg3 a4 35. Rfe1 Rd3 36. Qf3 R8d7 37. Red1 Rxd1 38. Rxd1 Rc7 39. Qf4 Qe7 40. c5 Rxc5 41. Qb4 b6 42. f4 Qb7 43. Kg3 Rc2 44. Rd2 Rc1 45. Rg2 Rf1 46. e4 fxe4 47. Qxa4 e3 48. Kh2 e2 49. Rxe2 Qh1+ 50. Kg3 Rf3+ 51. Kg4 Qh3# 0-1

[Event "WALTON 1st Div Women League 2023"]
[Site "Dhaka"]
[Date "2023.03.28"]
[Round "7.6"]
[White "Ahmed, Walijah"]
[Black "Srija, Seshadri"]
[Result "0-1"]
[ECO "C70"]
[WhiteElo "1920"]
[BlackElo "2194"]
[Annotator "TA"]
[PlyCount "132"]
[EventDate "2023.03.22"]
[EventType "team-tourn"]
[EventCountry "BAN"]
[SourceTitle "playchess.com"]
[Source "ChessBase"]
[SourceQuality "1"]
[TimeControl "5400+30"]

1. e4 e5 2. Nf3 Nc6 3. Bb5 a6 4. Ba4 g6 5. c3 Bg7 6. d4 {[%emt 0:01:02] C70: Ruy Lopez: 3...a6 4 Ba4, Norwegian and Delayed Schliemann.} exd4 7. cxd4 b5 8. Bc2 {[%emt 0:00:44] White is slightly better.} d6 9. d5 Nb4 10. Bb3 a5 $1 11. a3 Na6 12. O-O {[%emt 0:01:03] [#]} Nc5 $146 ({Predecessor:} 12... Ne7 13. Re1 Nc5 14. Bc2 O-O 15. Nc3 Rb8 16. Nd4 b4 17. axb4 axb4 18. Nce2 h6 {1-0 Prraneeth,V (2400)-Pap,M (2372) Novi Sad TS Mix 237th 2022 (7)}) 13. Bc2 Nf6 (13... Bd7 $11 {remains equal.}) 14. Nc3 O-O 15. h3 (15. Nxb5 Ba6 16. a4 Nfxe4 $15) (15. Nd4 $1 $14) 15... Ba6 $11 16. Re1 $1 b4 (16... Re8 $5 ) 17. Na4 {[%emt 0:03:15] [#]} b3 $1 {[%emt 0:00:00][%mdl 64] Deflection} 18. Bxb3 Nd3 19. Re3 Nxc1 20. Rxc1 (20. Qxc1 Bh6 $15) 20... Bh6 {[%emt 0:00:00] This pair of bishops is nice.} 21. Re1 Bxc1 22. Qxc1 Re8 23. Bc2 {[%emt 0:02:35][%mdl 1024] White has compensation.} Nd7 24. Qd2 (24. Nd4 {keeps more tension.} Qf6 25. Rd1 Ne5 26. Nc3) 24... Bb7 25. Qc3 (25. Nd4 $11) 25... Ne5 $15 26. Nd4 c5 27. dxc6 {[%emt 0:08:46] [#]} Nxc6 28. Bb3 (28. Nxc6 Bxc6 29. Qd4 (29. Qxc6 Rc8 $15 {[%mdl 64] Deflection}) 29... Qg5 $17) (28. Nb5 Re5) 28... Nxd4 (28... Rc8 $5 29. Qd2 d5 $17) 29. Qxd4 Rb8 30. Nc3 Qe7 (30... Qg5 {is more complex.} 31. Qxd6 Ba8 32. Bd5 Rxb2 33. Bxa8 Rd8) 31. Re3 Qe5 (31... Ba8 $5 32. Nd5 Bxd5 33. Bxd5 Qe5 $15) 32. Qa7 (32. Qd2 $11 {keeps the balance.}) 32... Qc5 $17 33. Qxc5 dxc5 34. f3 Red8 {[%emt 0:00:00] Threatens to win with ...Rd2.} 35. Na4 (35. Bc4 $17 {is a better defense.}) 35... Rbc8 (35... Rd2 $19 {[%cal Oc5c4] Strongly threatening ...c4!} 36. Rc3 Bc6 37. Nxc5 Rxb2) 36. Rc3 {[%emt 0:05:09] Prevents c4.} Rd2 37. Nb6 Rb8 ({Black should play} 37... Rcd8 $17 38. Nc4 R2d3) 38. Nc4 $36 {[%emt 0:00:49][%mdl 2048] Black is under pressure.} Rd7 39. Ba4 Rd4 40. b3 $1 Ba6 41. Nxa5 Rd1+ 42. Kh2 Rd2 43. Nc4 Ra2 44. h4 Rd8 45. Ne3 (45. Kh3 $1 $15) 45... Rd3 $17 {[%emt 0:00:22] Black is more active.} (45... Rxa3 $6 46. Rxc5 Rc8 47. Ra5 $11) 46. Rxd3 Bxd3 {[%emt 0:00:01][%mdl 4096] Endgame KRB-KBN} 47. Kg3 $2 (47. Bc6 $17) 47... Rxa3 $19 48. Kf4 {[%emt 0:00:17] [#]} c4 49. Bb5 $17 cxb3 (49... Rxb3 {simplifies} 50. Bxc4 Bxc4 51. Nxc4 h6) 50. Bxd3 b2 51. Bc2 Rc3 {[%emt 0:00:13][%cal Oc3c2] And now ...Rxc2! would win.} 52. Bb1 Rc1 53. Bd3 Kg7 54. g3 f6 55. Nd5 h5 (55... Kf7 {simplifies} 56. Nb6 b1=R 57. Bxb1 Rxb1 58. Nd5 Rc1) 56. Ne3 $2 {[%emt 0:01:18] [#]} (56. Ne7 $17) 56... Kh6 $2 (56... b1=B 57. Bxb1 Rxb1 58. Nc2 $17) (56... b1=N 57. Nc2 $17) (56... b1=Q 57. Bxb1 Rxb1 58. g4 $17) (56... Rc3 $1 $19 57. Nd1 Rxd3 58. Nxb2 Rb3) 57. Nd5 Kg7 $2 ({Don't play} 57... b1=B $6 58. Bxb1 Rxb1 59. Nxf6 $11) (57... Rd1 $17 58. Bc2 Kg7) 58. Ne3 $1 $19 {[%emt 0:00:34] [#]} Rc3 $1 ({Not} 58... b1=B 59. Bxb1 Rxb1 60. Nc2 $17) ({Stronger than} 58... b1=N 59. Nd5 $17) (58... b1=Q 59. Bxb1 Rxb1 60. Nd5 $17) 59. Bb1 {[%emt 0:00:04] [#]} (59. Nd1 $19 Rxd3 60. Nxb2) 59... g5+ $1 {[%emt 0:00:16][%mdl 576] Deflection. Black mates.} 60. hxg5 fxg5+ 61. Kxg5 Rxe3 62. Kxh5 Rxf3 {[%emt 0:00:10] KR-KB} 63. g4 Rf1 64. Bc2 b1=Q 65. Bxb1 Rxb1 66. Kg5 Rb5+ {[%emt 0:00:25] Weighted Error Value: White=0.32/Black=0.18 (very precise)} 0-1

[Event "WALTON 1st Div Women League 2023"]
[Site "Dhaka"]
[Date "2023.03.28"]
[Round "7.6"]
[White "Essaba, Masnun"]
[Black "Jarin, Tasnim"]
[Result "*"]
[ECO "C70"]
[WhiteElo "1325"]
[BlackElo "1180"]
[Annotator "NA RC COMBH"]
[PlyCount "29"]
[EventDate "2023.03.22"]
[EventType "team-tourn"]
[EventCountry "BAN"]
[SourceTitle "playchess.com"]
[Source "ChessBase"]
[SourceQuality "1"]
[TimeControl "5400+30"]

1. e4 e5 2. Nf3 Nc6 3. Bb5 a6 4. Ba4 g6 5. c3 Bg7 6. d4 exd4 7. cxd4 b5 8. Bc2 d6 9. d5 Nb4 10. Bb3 a5 11. a3 Na6 12. O-O Nc5 13. Bc2 Nf6 14. Nc3 O-O 15. h3 *

[Event "WALTON 1st Div Women League 2023"]
[Site "Dhaka"]
[Date "2023.03.28"]
[Round "7.7"]
[White "Parveen, Tanima"]
[Black "Noshin, Anjum"]
[Result "1/2-1/2"]
[ECO "C93"]
[WhiteElo "1960"]
[BlackElo "1877"]
[Annotator "TA"]
[PlyCount "75"]
[EventDate "2023.03.22"]
[EventType "team-tourn"]
[EventCountry "BAN"]
[SourceTitle "playchess.com"]
[Source "ChessBase"]
[SourceQuality "1"]
[TimeControl "5400+30"]

1. e4 e5 2. Nf3 Nc6 3. Bb5 a6 4. Ba4 Nf6 5. O-O Be7 6. Re1 b5 7. Bb3 d6 8. c3 O-O 9. h3 Bb7 10. d4 Re8 11. Ng5 Rf8 12. Nf3 h6 13. Nbd2 Re8 14. Nf1 Bf8 15. Ng3 Na5 16. Bc2 Nc4 17. a4 Nb6 {[%emt 0:00:00] C93: Closed Ruy Lopez: Smyslov Variation.} 18. dxe5 dxe5 19. Qxd8 Raxd8 {[%emt 0:00:00] The position is equal.} 20. axb5 axb5 {[%emt 0:00:00] [#]} 21. Ra5 $146 ({Predecessor:} 21. Ra7 Rb8 22. b3 b4 23. Bd2 bxc3 24. Bxc3 Nbd7 25. b4 g6 26. Ba4 Bd6 {½-½ Rabatin,J (2317)-Cvek,R (2517) Vsetin op 40th 2015 (3)}) 21... Nc4 22. Ra7 Rb8 23. b3 Nd6 24. Be3 Bxe4 25. Nxe4 Ndxe4 26. Rxc7 {[%emt 0:02:16][%cal Ba7c7,Bc7c3,Bc3c6][%mdl 32] [#]} Nxc3 27. Rxc3 $16 {[%emt 0:11:31] And now Rc6 would win.} Bb4 {[%emt 0:00:00] [#]} 28. Rc6 {[%emt 0:02:01] Strongly threatening Rd1.} Bxe1 29. Nxe1 Nd5 30. Bd2 {[%emt 0:02:06] Prevents Nb4.} e4 ({Better is} 30... Rec8 31. Rxc8+ Rxc8) 31. Rc5 e3 (31... Nf6 $16 32. Be3 Rec8) 32. fxe3 $18 ({But not} 32. Rxd5 $6 exd2 33. Nf3 Rbd8 34. Rxd8 (34. Rxd2 $2 {loses.} Rxd2 35. Nxd2 Re2 $19) 34... Rxd8 $16) 32... Nxe3 33. Bd3 b4 34. Bb5 {[%emt 0:02:10] This pair of bishops is nice.} Re4 35. Bd3 Ree8 36. Bb5 Re4 37. Bd3 Ree8 38. Bb5 $2 {[%emt 0:00:06] Weighted Error Value: White=0.36/Black=0.14 (very precise)} (38. Nf3 $18) 1/2-1/2

[Event "WALTON 1st Div Women League 2023"]
[Site "Dhaka"]
[Date "2023.03.28"]
[Round "7.7"]
[White "Zowena, Mehbish"]
[Black "Warisa Haider"]
[Result "*"]
[ECO "C92"]
[WhiteElo "1121"]
[BlackElo "1302"]
[Annotator "NA RC COMBH"]
[PlyCount "24"]
[EventDate "2023.03.22"]
[EventType "team-tourn"]
[EventCountry "BAN"]
[SourceTitle "playchess.com"]
[Source "ChessBase"]
[SourceQuality "1"]
[TimeControl "5400+30"]

1. e4 e5 2. Nf3 Nc6 3. Bb5 a6 4. Ba4 Nf6 5. O-O Be7 6. Re1 b5 7. Bb3 d6 8. c3 O-O 9. h3 Bb7 10. d4 Re8 11. Ng5 Rf8 12. Nf3 h6 *

[Event "WALTON 1st Div Women League 2023"]
[Site "Dhaka"]
[Date "2023.03.28"]
[Round "7.8"]
[White "Warsia, Khusbu"]
[Black "Varshini V Kundar"]
[Result "0-1"]
[ECO "B84"]
[WhiteElo "1836"]
[BlackElo "1096"]
[Annotator "NA RC COMBH"]
[PlyCount "54"]
[EventDate "2023.03.22"]
[EventType "team-tourn"]
[EventCountry "BAN"]
[SourceTitle "playchess.com"]
[Source "ChessBase"]
[SourceQuality "1"]
[TimeControl "5400+30"]

1. e4 c5 2. Nf3 d6 3. d4 cxd4 4. Nxd4 Nf6 5. Nc3 a6 6. Be2 e6 7. Be3 Be7 $18 8. O-O Qc7 9. Kh1 b5 10. a3 Bb7 11. Bd3 Nbd7 12. f4 O-O 13. Qf3 Nc5 14. Rae1 Qc8 15. Bd2 Nfxe4 16. Bxe4 Nxe4 17. Nxe4 f5 18. Nxd6 Bxd6 19. Qc3 Be4 20. Qxc8 Rfxc8 21. Bc3 Bxa3 22. Re3 Bc5 23. Rg3 b4 24. Nxe6 bxc3 25. Rxg7+ Kh8 26. b4 Bxb4 27. Rd1 Rg8 0-1

[Event "WALTON 1st Div Women League 2023"]
[Site "Dhaka"]
[Date "2023.03.28"]
[Round "7.9"]
[White "Sidratul, Muntaha"]
[Black "Nargis, Kaumudi"]
[Result "0-1"]
[ECO "B12"]
[WhiteElo "1185"]
[BlackElo "1253"]
[Annotator "NA RC COMBH"]
[PlyCount "108"]
[EventDate "2023.03.22"]
[EventType "team-tourn"]
[EventCountry "BAN"]
[SourceTitle "playchess.com"]
[Source "ChessBase"]
[SourceQuality "1"]
[TimeControl "5400+30"]

1. e4 d6 2. d4 c6 3. Nc3 Qc7 4. Nf3 Nd7 5. Be2 e5 6. O-O Ngf6 7. h3 Be7 8. Re1 O-O 9. Na4 Nxe4 10. Bd3 Nef6 11. c4 e4 12. Bc2 b5 13. cxb5 cxb5 14. Nc3 d5 15. Nd2 b4 16. Ncb1 Bd6 17. Nf1 Nb6 18. a3 Bd7 19. Bd2 a5 20. a4 Nc4 21. Bc1 Qc8 22. b3 Nb6 23. Bg5 Be7 24. Ne3 Bxh3 25. Bxf6 Bxf6 26. Qh5 Be6 27. Rc1 Bxd4 28. Nd2 Bxa1 29. Rxa1 Qc3 30. Rd1 Rae8 31. Nb1 Qf6 32. Qh2 Qe7 33. Nd2 f5 34. Qe5 Qc5 35. g3 Nd7 36. Qb2 f4 37. gxf4 Rxf4 38. Rf1 Bh3 39. Ng2 Rf6 40. Kh2 Rh6 41. Kg1 Nf6 42. Re1 Qc7 43. Bd1 Bxg2 44. Kxg2 Qh2+ 45. Kf1 Rf8 46. Bf3 exf3 47. Nxf3 Qh1+ 48. Ke2 Qh5 49. Qd4 Ne4 50. Qd3 Nc3+ 51. Ke3 Rxf3+ 52. Kd2 Rxd3+ 53. Kxd3 Qf3+ 54. Re3 Qd1# 0-1